 Dungeon Crawl Stone Soup version 0.29.1-1-gd02db6906a (webtiles) character file.

Game seed: 1583261731118445786

7352 tardwrangler69 the Severer (level 10, -3/96 HPs)
             Began as a Minotaur Chaos Knight on Sept 28, 2022.
             Was a Plaything of Xom.
             Slain by an entropy weaver (4 damage)
             ... on level 9 of the Dungeon.
             The game lasted 00:13:32 (12732 turns).

tardwrangler69 the Severer (Minotaur Chaos Knight) Turns: 12732, Time: 00:13:33

Health: -3/96      AC: 13    Str: 25 (27) XL:     10   Next: 91%
Magic:  0/10       EV:  9    Int:  7      God:    Xom [......]
Gold:   798        SH:  0    Dex: 13      Spells: 9/9 levels left

rFire   . . .      SeeInvis .   g - +5 executioner's axe
rCold   . . .      Faith    .   (shield currently unavailable)
rNeg    . . .      Spirit   +   e - +0 plate armour
rPois   .          Reflect  .   (helmet restricted)
rElec   +          Harm     .   (no cloak)
rCorr   .          Rampage  .   p - +0 pair of fencer's gloves {Riposte Dex+3}
Will    .....                   i - +2 pair of boots
Stlth   ..........              C - amulet of guardian spirit
HPRegen 0.26/turn               D - +6 ring of strength
MPRegen 0.12/turn               (no ring)

@: about to teleport, corroded, unable to drink
A: horns 2, retaliatory headbutt, fangs 1, camouflage 1, deterioration 1, dopey
1, high MP 1, electricity resistance, inability to drink after injury 2
a: Renounce Religion


You were on level 9 of the Dungeon.
You worshipped Xom.
You were a very special plaything of Xom.
You visited 1 branch of the dungeon, and saw 9 of its levels.

You collected 798 gold pieces.

Inventory:

Hand Weapons
 g - a +5 executioner's axe (weapon)
 B - a +3 hand axe
Armour
 e - a +0 plate armour (worn)
 i - a +2 pair of boots (worn)
 p - the +0 pair of fencer's gloves (worn) {Riposte Dex+3}
   (You acquired it on level 9 of the Dungeon)

   It allows the wearer to riposte with melee weapons, swiftly retaliating
   against missed or blocked melee attacks.
   Dex:       It affects your dexterity (+3).
 H - a +0 pair of gloves
Jewellery
 b - a ring of fire
 C - an amulet of guardian spirit (around neck)
 D - a +6 ring of strength (left hand)
Wands
 x - a wand of acid (9)
 A - a wand of iceblast (13)
 F - a wand of polymorph (6)
Scrolls
 a - 5 scrolls of magic mapping
 h - a scroll of teleportation
 n - a scroll of immolation
 q - 3 scrolls of amnesia
 s - a scroll of vulnerability
 E - 2 scrolls of enchant armour {unknown}
 G - a scroll of silence {unknown}
Potions
 d - 2 potions of lignification
 f - a potion of magic
 j - 3 potions of attraction
 k - a potion of invisibility
 l - 4 potions of curing
 m - 2 potions of ambrosia
 r - a potion of berserk rage {unknown}
 u - 3 potions of flight
 z - 2 potions of might {unknown}
Miscellaneous
 c - a piece from Xom's chessboard (15/15) (quivered)


   Skills:
 - Level 11.5 Fighting
 - Level 15.0 Axes
 * Level 6.3 Armour
 * Level 5.3 Dodging


You had 9 spell levels left.
You didn't know any spells.
Your spell library contained the following spells:

 Spells                   Type           Power      Damage    Failure   Level
 Necrotise                Necr           0%         1d4       99%         1
 Shock                    Conj/Air       0%         1d3       99%         1
 Blink                    Tloc           0%         N/A       100%        2
 Dazzling Flash           Conj/Hex       0%         N/A       100%        3
 Frozen Ramparts          Ice            0%         1d1       100%        3
 Lesser Beckoning         Tloc           0%         N/A       100%        3
 Swiftness                Air            0%         N/A       100%        3
 Vampiric Draining        Necr           0%         2d6       100%        3
 Airstrike                Air            0%         2d(0-16)  100%        4
 Ice Form                 Ice/Tmut       0%         N/A       100%        4
 Iskenderun's Mystic Bla  Conj/Tloc      0%         2d3       100%        4
 Summon Ice Beast         Ice/Summ       0%         N/A       100%        4
 Agony                    Necr           0%         N/A       100%        5
 Manifold Assault         Tloc           0%         N/A       100%        5
 Starburst                Conj/Fire      0%         6d3       100%        6


Dungeon Overview and Level Annotations

Branches:
Dungeon (9/15)             Temple (0/1) D:6            Lair (0/5) D:8
    Orc: D:9-12

Altars:
Dithmenos
Fedhas
Gozag
Kikubaaqudgha
Ru
Sif Muna
Trog
Vehumet
Wu Jian
Xom
Yredelemnul

Shops:
D:8 (

Annotations:
D:4 exclusion: downstairs
D:5 3 runed translucent doors, exclusion: 2 downstairs, tardwrangler69's ghost, novice MiCK
D:9 exclusion: oklob plant


Innate Abilities, Weirdness & Mutations

You have a pair of horns on your head.
You reflexively headbutt those who attack you in melee.
You have very sharp teeth.
Your skin changes colour to match your surroundings (Stealth+).
Your body sometimes deteriorates upon taking damage.
You are dopey. (Int -2)
You have an increased reservoir of magic. (+10% MP)
You are resistant to electric shocks. (rElec)
You sometimes lose the ability to drink potions when taking damage.


Message History

The entropy weaver barely misses you. The entropy weaver hits you.
You feel threatened and lose the ability to drink potions!
You hit the entropy weaver.
You bite the entropy weaver, but do no damage.
The entropy weaver is severely wounded.
The entropy weaver hits you but does no damage.
The entropy weaver hits you. The entropy weaver closely misses you.
The entropy weaver hits you.
You hit the entropy weaver but do no damage.
The entropy weaver is severely wounded.
Xom titters.
The entropy weaver looks rather confused.
The entropy weaver closely misses you. The entropy weaver hits you. x2
The entropy weaver hits you but does no damage.
You slash the entropy weaver!
The entropy weaver is severely wounded.
The entropy weaver hits you. The entropy weaver hits you!
The entropy weaver completely misses you.
The entropy weaver hits you.
The entropy weaver says, "I'm a little confused."
The entropy weaver hits you.
* * * LOW HITPOINT WARNING * * *
The entropy weaver hits you but does no damage.
The entropy weaver barely misses you. The entropy weaver hits you!
* * * LOW HITPOINT WARNING * * *
Your body deteriorates!
You feel weakened.
You cannot drink potions in your current state!
You cannot drink potions in your current state!
You hit the entropy weaver.
Your headbutt misses the entropy weaver.
The entropy weaver is severely wounded.
The entropy weaver hits you but does no damage. x2
The entropy weaver hits you!
* * * LOW HITPOINT WARNING * * *
The entropy weaver hits you!
* * * LOW HITPOINT WARNING * * *
Xom is amused.
As you read the scroll of teleportation, it crumbles to dust.
You feel strangely unstable. The entropy weaver hits you.
You die...

..#......#.#.....#..##..#.#......
..######.#.#######..#...#.#.#####
...........# ######>..#.#.#......
..######.### #..........#........
.....# #.# #.##################
####.###.# #.#........ ...#.....#
##.#!###########
...#.....####....#.........#####
_..#....).......@#.............#
...#.#.#####....B#.........###.#
...#.#.# #.#.#..)........# #.#
'###...# #.#.#...........# #.#
.......# #.#.#...........# #.#
######## #.#.#...........# #.#
#.#.#..####.#.#####(# #.#.####
#.#.......# ############.#.#
#.#######.##


You could see an entropy weaver (confused).

Vanquished Creatures
  A cyclops (D:8)
  A moth of wrath (shapeshifter) (D:5)
  Maggie (D:7)
  A komodo dragon (D:8)
  A hornet (D:9)
  6 yaks
  A basilisk (D:8)
  3 wyverns
  4 steam dragons
  A water moccasin (D:6)
  2 orc warriors
  An ice beast (D:8)
  A black bear (D:5)
  2 ogres
  2 centaurs
  4 kobold brigands
  A phantom (D:4)
  4 bullfrogs
  2 necrophages
  A gnoll sergeant (D:6)
  3 scorpions
  14 wights
  6 killer bees (D:7)
  A howler monkey (D:5)
  A centaur zombie (D:7)
  10 jellies
  4 hounds
  5 orc priests
  2 iguanas
  4 orc wizards
  A howler monkey zombie (D:7)
  Robin (D:3)
  7 gnolls
  10 adders
  A shadow imp (D:6)
  3 white imps
  2 ufetubi (D:7)
  2 worms (D:2)
  2 dart slugs (D:4)
  29 orcs
  7 ball pythons
  14 endoplasms
  3 giant cockroaches
  17 goblins
  9 hobgoblins
  4 jackals (D:3)
  25 kobolds
  4 quokkas
  3 bats
  2 frilled lizards (D:2)
  6 rats
  3 butterflies (D:5)
245 creatures vanquished.

Vanquished Creatures (collateral kills)
  An orc warrior (D:5)
  A gnoll (D:5)
  An adder (D:4)
  A giant cockroach (D:4)
4 creatures vanquished.

Vanquished Creatures (others)
  An orc (D:8)
  A kobold (D:7)
  10 fungi (D:9)
12 creatures vanquished.

Grand Total: 261 creatures vanquished

Notes
Turn   | Place    | Note
-------+----------+-------------------------------------------
     0 | D:1      | tardwrangler69 the Minotaur Chaos Knight began the quest
                  | for the Orb.
     0 | D:1      | Reached XP level 1. HP: 19/19 MP: 0/0
   210 | D:1      | Reached skill level 4 in Axes
   246 | D:1      | Reached XP level 2. HP: 26/27 MP: 1/1
   437 | D:1      | Found a faded altar of an unknown god.
   831 | D:2      | XOM: 8-stop teleportation journey
   839 | D:2      | XOM: enchant monster (good)
   973 | D:2      | Reached XP level 3. HP: 33/33 MP: 2/2
  1071 | D:2      | Reached skill level 5 in Axes
  1232 | D:2      | XOM: cloud trail
  1323 | D:2      | Reached XP level 4. HP: 30/41 MP: 3/3
  1819 | D:2      | XOM: scenery: create altars
  1975 | D:2      | XOM is BORED!
  1975 | D:2      | XOM: give mutations
  1975 | D:2      | Gained mutation: You are frail. (-10% HP) [Xom's mischief]
  1975 | D:2      | Gained mutation: You occasionally lose the ability to drink
                  | potions when taking damage. [Xom's mischief]
  1975 | D:2      | Gained mutation: You are dopey. (Int -2) [Xom's mischief]
  2035 | D:3      | XOM: god gift: scroll labelled EMPOURCH WIOC {god gift}
  2041 | D:3      | Found an ornate altar of the Wu Jian Council.
  2041 | D:3      | Found a shimmering blue altar of Sif Muna.
  2074 | D:3      | Reached skill level 6 in Axes
  2076 | D:3      | Reached XP level 5. HP: 42/42 MP: 4/4
  2211 | D:3      | Reached skill level 5 in Fighting
  2368 | D:3      | Noticed Robin
  2381 | D:3      | Killed Robin
  2555 | D:3      | XOM: divination: detect items
  2963 | D:4      | XOM: summons friendly iron imp
  3084 | D:4      | XOM: polymorph iron imp -> crimson imp
  3247 | D:4      | Noticed a phantom
  3256 | D:4      | Killed a phantom
  3256 | D:4      | XOM: cast spell 'Leda's Liquefaction'
  3257 | D:4      | Reached skill level 7 in Axes
  3257 | D:4      | Reached XP level 6. HP: 37/50 MP: 5/5
  3335 | D:4      | XOM: confuse monster(s)
  3581 | D:4      | XOM: stat loss: -1 Int (6/7)
  3824 | D:4      | Reached skill level 8 in Axes
  3939 | D:5      | Entered Level 5 of the Dungeon
  3943 | D:5      | Found a runed translucent gate.
  3943 | D:5      | Found a runed translucent gate.
  3945 | D:5      | Found an opulent altar of Gozag.
  4025 | D:5      | Reached XP level 7. HP: 52/56 MP: 6/6
  4044 | D:5      | Found a runed translucent gate.
  4214 | D:5      | Noticed tardwrangler69's ghost (novice MiCK)
  4373 | D:6      | XOM: noise
  4386 | D:5      | Noticed a shapeshifter
  4386 | D:5      | an orc changed into a shapeshifter
  4386 | D:5      | XOM: polymorph orc -> shapeshifter
  4386 | D:5      | Noticed a jumping spider
  4386 | D:5      | a shapeshifter changed into a jumping spider
  4390 | D:5      | Noticed a dream sheep
  4390 | D:5      | a jumping spider changed into a dream sheep
  4689 | D:6      | Noticed a yak
  4689 | D:6      | XOM: cast spell 'Olgreb's Toxic Radiance'
  4696 | D:5      | Killed a yak
  4697 | D:5      | Reached skill level 9 in Axes
  4740 | D:5      | XOM: give mutations
  4740 | D:5      | Lost mutation: You are frail. (-10% HP) [Xom's mischief]
  4740 | D:5      | Gained mutation: You sometimes lose the ability to drink
                  | potions when taking damage. [Xom's mischief]
  4872 | D:5      | Noticed a culicivora
  4872 | D:5      | Noticed a meliai
  4872 | D:5      | a culicivora changed into a meliai
  4877 | D:5      | XOM: enchant monster (bad)
  4880 | D:5      | Noticed a spriggan
  4883 | D:5      | XOM: noise
  5220 | D:5      | Noticed a yaktaur
  5262 | D:5      | XOM: give mutations
  5262 | D:5      | Gained mutation: You are resistant to electric shocks.
                  | (rElec) [Xom's grace]
  5262 | D:5      | Gained mutation: You have an increased reservoir of magic.
                  | (+10% MP) [Xom's grace]
  5262 | D:5      | Gained mutation: You have a pair of large horns on your
                  | head. [Xom's grace]
  5272 | D:5      | Noticed a moth of wrath
  5279 | D:5      | Killed a moth of wrath
  5280 | D:5      | Reached skill level 10 in Axes
  5280 | D:5      | Reached XP level 8. HP: 55/73 MP: 7/7
  6008 | D:5      | XOM: summons 8 friendly demons
  6209 | D:6      | Reached skill level 11 in Axes
  6248 | D:6      | Found a staircase to the Ecumenical Temple.
  6404 | D:6      | XOM: cast spell 'Alistair's Intoxication'
  6424 | D:6      | XOM: scenery: create altars
  6654 | D:6      | XOM: god gift: wand of iceblast (5)
  6693 | D:6      | Reached skill level 12 in Axes
  6693 | D:6      | Reached XP level 9. HP: 37/82 MP: 8/8
  6696 | D:6      | XOM: draining
  6697 | D:6      | XOM: summons friendly ufetubus
  6703 | D:6      | XOM: summons 2 hostile demons
  6745 | D:6      | XOM: give mutation
  6745 | D:6      | Gained mutation: Your body sometimes deteriorates upon
                  | taking damage. [Xom's mischief]
  7007 | D:6      | Found a radiant altar of Vehumet.
  7007 | D:6      | Found a shadowy altar of Dithmenos.
  7181 | D:6      | XOM: give mutation
  7181 | D:6      | Lost mutation: You have a pair of large horns on your head.
                  | [Xom's mischief]
  7603 | D:7      | Reached skill level 13 in Axes
  7721 | D:7      | XOM is BORED!
  7721 | D:7      | XOM: 2-stop teleportation journey
  7949 | D:7      | Reached skill level 10 in Fighting
  7965 | D:7      | Found a basalt altar of Yredelemnul.
  8208 | D:7      | Noticed Maggie
  8213 | D:7      | XOM: cast spell 'Dispersal'
  8214 | D:7      | XOM: confuse monster(s)
  8219 | D:7      | Killed Maggie
  8220 | D:7      | Reached skill level 14 in Axes
  8401 | D:7      | XOM: scenery: summon butterflies
  8494 | D:7      | XOM is BORED!
  8681 | D:7      | XOM: enchant monster (good)
  8934 | D:7      | Reached XP level 10. HP: 94/94 MP: 10/10
  8952 | D:7      | XOM: silly message
  9166 | D:8      | Found Uguf's Weapon Shoppe.
  9188 | D:8      | Found a bloodstained altar of Trog.
  9327 | D:8      | Noticed a cyclops
  9328 | D:8      | XOM: enchant monster (good)
  9351 | D:8      | Killed a cyclops
  9527 | D:8      | XOM: potion effect (invisibility)
  9652 | D:8      | Found a blossoming altar of Fedhas.
  9655 | D:8      | Found an ancient bone altar of Kikubaaqudgha.
  9785 | D:8      | Noticed a lindwurm
  9788 | D:8      | Noticed a lindwurm
  9790 | D:8      | XOM: enchant monster (good)
  9790 | D:8      | Noticed a lindwurm
  9857 | D:8      | XOM: 1-stop teleportation journey
 10000 | D:8      | XOM: silly message
 10040 | D:8      | Reached skill level 15 in Axes
 10052 | D:8      | Found a staircase to the Lair.
 10324 | D:8      | Noticed a lindwurm
 10340 | D:8      | XOM: cloud trail
 10747 | D:9      | XOM: summons friendly quasit
 10858 | D:9      | Found a sacrificial altar of Ru.
 10871 | D:9      | XOM: smoke on damage
 10875 | D:9      | XOM: confusion (+ monsters)
 11058 | D:9      | XOM: god gift: rapier {god gift}
 11197 | D:9      | XOM: 2-stop teleportation journey
 11199 | D:9      | Noticed a boulder beetle
 11208 | D:9      | XOM: confusion (+ monsters)
 11211 | D:9      | HP: 2/96 [boulder beetle (15)]
 11213 | D:9      | Noticed an entropy weaver
 11213 | D:9      | a boulder beetle changed into an entropy weaver
 11213 | D:9      | XOM: polymorph boulder beetle -> entropy weaver
 11327 | D:9      | XOM: 2-stop teleportation journey
 11661 | D:9      | XOM: 2-stop teleportation journey
 11742 | D:9      | XOM: cast spell 'Leda's Liquefaction'
 11745 | D:9      | Reached skill level 5 in Armour
 11926 | D:9      | XOM: god gift: 9 stones
 11930 | D:9      | XOM: silly message
 12108 | D:9      | Identified a scroll of acquirement
 12108 | D:9      | Acquired the +0 pair of fencer's gloves {Riposte Dex+3}
 12108 | D:9      | Found the +0 pair of fencer's gloves {Riposte Dex+3}
 12195 | D:9      | Noticed an oklob plant
 12446 | D:9      | Reached skill level 5 in Dodging
 12473 | D:9      | XOM: god gift: 23 gold pieces
 12549 | D:9      | Paralysed by a hornet for 1 turns
 12725 | D:9      | XOM: give mutations
 12725 | D:9      | Gained mutation: Your skin changes colour to match your
                  | surroundings (Stealth+). [Xom's grace]
 12725 | D:9      | Gained mutation: You have very sharp teeth. [Xom's grace]
 12729 | D:9      | XOM: confuse monster(s)
 12731 | D:9      | HP: 1/96 [entropy weaver (9)]
 12732 | D:9      | Slain by an entropy weaver

Illustrated notes

Levels and vault maps discovered:
D:1:      dpeg_arrival_tiny_i, layout_basic, ebering_ecumenical_altar_box
D:2:      layout_loops_ring
D:3:      layout_basic, grunt_temple_overflow_open, minmay_misc_feat_encased,
          minivault_25, moated_statue, minmay_misc_feat_square, uniq_robin
D:4:      layout_basic, minmay_surrounded
D:5:      layout_rooms, ebering_ghost_gozag, grunt_decor_one_mirror,
          hangedman_glass_garden
D:6:      layout_rooms, nicolae_overflow_hidden_temple,
          minmay_temple_entry_tees, grunt_decor_clamped, st_stairs_13
D:7:      layout_basic, lemuel_zombie_altar_yredelemnul, uniq_maggie
D:8:      layout_basic, grunt_temple_overflow_growth_and_decay,
          trog_three_pillars_becter, erik_lair_dragon, serial_shops,
          nicolae_stop_n_shop_2, minmay_stone_trees_small, minmay_lindwurm_lava
D:9:      lemuel_slime, layout_basic, amcnicky_altar_gilded

Skill      XL: |  1  2  3  4  5  6  7  8  9 10 |
---------------+-------------------------------+-----
Axes           | 4 5 6 7 8 10 12 14 15 | 15.0
Fighting       | 4 5 6 7 8 10 11 | 11.5
Armour         | 6 |  6.3
Dodging        | 5 |  5.3

Action                   |  1- 3 |  4- 6 |  7- 9 | 10-12 || total
-------------------------+-------+-------+-------+-------++-------
Melee: Hand axe          |    22 |       |       |       ||    22
       Headbutt          |     8 |    19 |    22 |    36 ||    85
       Executioner's axe |    56 |   134 |   167 |   145 ||   502
       Bite              |       |       |       |     2 ||     2
  Use: Scroll            |       |     2 |     8 |    15 ||    25
       Potion            |       |       |     1 |       ||     1
 Stab: Confused          |       |     2 |     1 |     1 ||     4
       Invisible         |       |       |       |     4 ||     4
       Sleeping          |       |       |       |     1 ||     1
Armor: Leather armour    |    12 |       |       |       ||    12
       Ring mail         |    32 |    88 |    35 |       ||   155
       Plate armour      |       |       |   134 |   109 ||   243
Dodge: Dodged            |    54 |    98 |    90 |    53 ||   295
       Rpst.: Executioner's axe |       |       |       |     3 ||     3
